 Dungeon Crawl Stone Soup version 0.17.1-3-g152610e (webtiles) character file.

2818 Metrazal the Covert (level 9, -13/41 HPs)
             Began as a Spriggan Assassin on Mar 5, 2016.
             Shot with a sling bullet by Joseph (22 damage)
             ... on level 8 of the Dungeon on Mar 6, 2016.
             The game lasted 00:58:15 (9951 turns).

Metrazal the Covert (Spriggan Assassin)             Turns: 9951, Time: 00:58:15

Health: -13/41     AC:  3    Str:  7    XL:     9   Next: 44%
Magic:  10/10      EV: 30    Int: 12    God:
Gold:   479        SH:  0    Dex: 21    Spells: 0 memorised, 8 levels left

rFire  . . .     SeeInvis +     a - +2 dagger (venom)
rCold  . . .     Clarity  .     h - +0 robe
rNeg   . . .     SustAt   .     (shield restricted)
rPois  .         Gourm    .     (helmet restricted)
rElec  .         Spirit   .     d - +0 cloak
rCorr  .         Warding  .     (gloves unavailable)
rMut   .         Rnd*Tele +     (boots unavailable)
MR     +....                    (no amulet)
Stlth  ++++++....               p - +3 ring of evasion
                                A - ring of teleportation

@: very quick, somewhat resistant to hostile enchantments, very stealthy
A: unfitting armour, see invisible, herbivore 3, speed 3, slow metabolism 2
a: Evoke Teleportation


You were on level 8 of the Dungeon.
You were not hungry.

You visited 2 branches of the dungeon, and saw 9 of its levels.

You collected 583 gold pieces.
You spent 104 gold pieces at shops.

Inventory:

Hand Weapons
 a - a +2 dagger of venom (weapon)
 b - a +0 blowgun
 c - a +0 hunting sling
Missiles
 e - 33 poisoned needles
 l - 194 stones (quivered)
 o - 24 poisoned arrows
 q - 11 arrows of frost
 r - 21 arrows
 t - 2 curare-tipped needles
 N - 17 sling bullets
Armour
 d - a +0 cloak (worn)
 h - a +0 robe (worn)
Jewellery
 i - an uncursed ring of ice
 p - a +3 ring of evasion (right hand)
 A - a ring of teleportation (left hand)
Wands
 y - a wand of enslavement (19)
 G - a wand of magic darts (21)
 H - a wand of enslavement (11)
 K - a wand of digging (11)
Scrolls
 k - 5 scrolls of identify
 v - a scroll of recharging {unknown}
 w - a scroll of amnesia
 x - a scroll of remove curse
 z - 3 scrolls of teleportation
 J - 2 scrolls of fog {unknown}
 L - a scroll of enchant armour {unknown}
 M - a scroll of blinking
Potions
 f - a potion of brilliance {unknown}
 j - 2 potions of flight {unknown}
 m - 4 potions of heal wounds
 n - 6 potions of curing
 s - a potion of mutation {unknown}
 u - a potion of poison {unknown}
 B - a potion of invisibility {unknown}
 C - a potion of berserk rage {unknown}
 D - 2 potions of might
 F - 2 potions of agility {unknown}
 I - a potion of haste {unknown}
Comestibles
 g - 6 bread rations
 E - 2 royal jellies


   Skills:
 - Level 1.5 Fighting
 + Level 7.9 Short Blades
 + Level 7.3(7.5) Slings
 - Level 2.0(4.3) Throwing
 + Level 9.5 Dodging
 + Level 11.2 Stealth


You had 8 spell levels left.
You didn't know any spells.

Dungeon Overview and Level Annotations

Branches:
Dungeon (8/15)             Temple (1/1) D:5
   Lair: D:8-11

Altars:
Ashenzari
Cheibriados
Elyvilon
Fedhas
Gozag
Kikubaaqudgha
Makhleb
Nemelex Xobeh
Okawaru
Qazlal
Ru
Sif Muna
Trog
Vehumet
Xom
Yredelemnul
Zin
The Shining One

Shops:
D:4 *

Annotations:
D:5 Pikel
D:6 urm's ghost, novice HuWn
D:8 Joseph


Innate Abilities, Weirdness & Mutations

You are tiny and cannot use many weapons and most armour.
You have supernaturally acute eyesight.
You are a herbivore.
You cover ground extremely quickly.
You need consume almost no food.


Message History

l - 186 stones (gained 1)
l - 187 stones (gained 1)
There is an open door here.
l - 189 stones (gained 2)
l - 194 stones (gained 5)
You are suddenly yanked towards a nearby monster!
Your surroundings suddenly seem different.
Found a flail.
Found a stone staircase leading up.
Wield which item (- for none, * to show all)? (? for menu, Esc to quit)
It begins to drip with poison!
a - a +2 dagger of venom (weapon)
Joseph shouts!
Joseph shoots a sling bullet.
The sling bullet hits you!
Found a white marble altar of Elyvilon.
You see here a sling bullet.
Joseph shoots a sling bullet.
The sling bullet hits you!!
* * * LOW HITPOINT WARNING * * *
Joseph shoots a sling bullet.
The sling bullet hits you!!
Ouch! That really hurt!
You die...

..##.§§.§... #§≈≈≈§S.≈
≈≈. ≈§ # #.§###§§≈
#≈.§# .≈# # ##.≈# ≈.≈
#≈§§# ≈.≈# #
#..≈###§.≈###≈.≈###≈.≈#
# #..§≈≈≈≈.≈≈≈≈≈§≈≈≈≈≈.
# #...§.§§.. ....... #
#.....§§##.###.#.# #
#..#######...)@..#
###..[..# #####.#(#
........# #....<..._...
###.###.# #.##.####.###
#.# #... #. #.# #.#
##### # #.. #.# #@. #.#
...# #.# ##


You could see Joseph.

Vanquished Creatures
  Prince Ribbit (D:5)
  A deep elf fighter (D:8)
  An orc warrior (D:6)
  Duvessa (D:4)
  A sky beast (D:7)
  2 phantoms
  3 ogres
  3 giant frogs
  2 scorpions
  Dowan (D:4)
  4 wights (D:7)
  4 crimson imps
  A centaur zombie (D:6)
  3 hounds
  3 centaur skeletons
  A giant frog skeleton (D:4)
  3 jellies
  An orc priest (D:8)
  10 orc wizards
  4 iguanas
  6 worker ants
  A hound skeleton (D:6)
  2 worker ant zombies
  A mummy (D:5)
  6 adders
  A shadow imp (D:6)
  2 oozes
  5 worms
  A giant gecko (D:7)
  29 orcs
  9 bats
  8 giant cockroaches
  5 goblins
  6 hobgoblins
  14 jackals
  11 kobolds
  3 quokkas
  A ball python skeleton (D:5)
  4 giant newts
  A jackal zombie (D:5)
  10 rats
  A fungus (D:6)
177 creatures vanquished.

Vanquished Creatures (others)
  An orc wizard (D:7)
1 creature vanquished.

Grand Total: 178 creatures vanquished

Notes
Turn   | Place    | Note
--------------------------------------------------------------
     0 | D:1      | Metrazal the Spriggan Assassin began the quest for the Orb.
     0 | D:1      | Reached XP level 1. HP: 10/10 MP: 2/2
     2 | D:1      | Noticed a minotaur
     2 | D:1      | Noticed a demonspawn
     4 | D:1      | Noticed a troll
     4 | D:1      | Noticed a naga
     6 | D:1      | Noticed a ghoul
     6 | D:1      | Noticed a formicid
     8 | D:1      | Noticed a draconian
    10 | D:1      | Noticed a vampire
    10 | D:1      | Noticed a human
    14 | D:1      | Noticed an ogre
    14 | D:1      | Noticed a centaur
    16 | D:1      | Noticed a demigod
    18 | D:1      | Noticed an elf
    18 | D:1      | Noticed a felid
    20 | D:1      | Noticed a tengu
    20 | D:1      | Noticed a spriggan
    22 | D:1      | Noticed a merfolk
    22 | D:1      | Noticed an octopode
    24 | D:1      | Noticed a gargoyle
    26 | D:1      | Noticed a vine stalker
    26 | D:1      | Noticed a dwarf
   245 | D:1      | Reached skill level 6 in Stealth
   483 | D:1      | Reached XP level 2. HP: 14/14 MP: 3/3
  1139 | D:1      | Reached XP level 3. HP: 18/18 MP: 4/4
  1702 | D:2      | Found a stormy altar of Qazlal.
  2054 | D:3      | Found a glowing golden altar of the Shining One.
  2380 | D:3      | Reached XP level 4. HP: 22/22 MP: 5/5
  2390 | D:3      | Reached skill level 1 in Slings
  2656 | D:3      | Reached skill level 7 in Stealth
  3327 | D:4      | Found Duifirig's General Store.
  3403 | D:4      | Bought 14 stones for 14 gold pieces
  3403 | D:4      | Bought 2 scrolls of teleportation for 60 gold pieces
  3403 | D:4      | Bought a potion of curing for 30 gold pieces
  3424 | D:4      | Noticed Duvessa
  3435 | D:4      | Reached XP level 5. HP: 25/25 MP: 6/6
  3448 | D:4      | Noticed Dowan
  3503 | D:4      | HP: 1/25 [orc wizard/magic dart (8)]
  3533 | D:4      | Killed Dowan
  3633 | D:4      | Killed Duvessa
  3633 | D:4      | Reached XP level 6. HP: 3/30 MP: 7/7
  4048 | D:4      | Found a sparkling altar of Nemelex Xobeh.
  4056 | D:4      | Reached skill level 8 in Stealth
  4177 | D:4      | Found a blossoming altar of Fedhas.
  4182 | D:4      | Reached skill level 5 in Dodging
  4325 | D:4      | Reached XP level 7. HP: 33/33 MP: 8/8
  4582 | D:5      | Entered Level 5 of the Dungeon
  4847 | D:5      | Noticed a giant frog
  4851 | D:5      | Reached skill level 5 in Short Blades
  4853 | D:5      | Killed a giant frog
  4977 | D:5      | Noticed Pikel
  5471 | D:5      | Reached skill level 9 in Stealth
  5700 | D:5      | Found a staircase to the Ecumenical Temple.
  5712 | D:5      | Found a snail-covered altar of Cheibriados.
  5755 | D:5      | Noticed Prince Ribbit
  5759 | D:5      | Killed Prince Ribbit
  5759 | D:5      | Reached skill level 5 in Slings
  5759 | D:5      | Reached XP level 8. HP: 37/37 MP: 9/9
  6774 | D:6      | Reached skill level 10 in Stealth
  7076 | D:6      | Noticed urm's ghost (novice HuWn)
  7339 | Temple   | Entered the Ecumenical Temple
  8165 | D:7      | Reached XP level 9. HP: 41/41 MP: 10/10
  8875 | D:7      | Found a shattered altar of Ashenzari.
  9159 | D:7      | Found a deep blue altar of Sif Muna.
  9416 | D:8      | Noticed Joseph
  9663 | D:8      | Reached skill level 11 in Stealth
  9948 | D:8      | Found a white marble altar of Elyvilon.
  9951 | D:8      | Shot with a sling bullet by Joseph

Action                   |  1- 3 |  4- 6 |  7- 9 || total
-------------------------+-------+-------+-------++-------
Melee: Dagger            |   136 |   157 |   498 ||   791
 Fire: Hunting sling     |       |    18 |   101 ||   119
       Blowgun           |       |    10 |       ||    10
Throw: Stone             |       |     2 |     2 ||     4
  Use: Potion            |       |     1 |       ||     1
       Scroll            |       |       |     8 ||     8
 Stab: Sleeping          |    21 |    15 |    19 ||    55
       Distracted        |       |       |     1 ||     1
  Eat: Pizza             |       |     1 |       ||     1
       Bread ration      |       |       |     1 ||     1
